 Dungeon Crawl Stone Soup version 0.18.0-1-g0107ab7 (webtiles) character file.

1680 Svalin the Cleaver (level 8, -9/71 HPs)
             Began as a Minotaur Berserker on May 5, 2016.
             Was a Priest of Trog.
             Killed from afar by Pikel (23 damage)
             ... with a wand of lightning
             ... on level 5 of the Dungeon.
             The game lasted 00:16:59 (7260 turns).

Svalin the Cleaver (Minotaur Berserker)             Turns: 7260, Time: 00:16:59

Health: -9/71      AC: 14    Str: 22    XL:     8   Next: 71%
Magic:  7/7        EV: 13    Int:  4    God:    Trog [***...]
Gold:   157        SH:  0    Dex: 12    Spells: 0 memorised, 7 levels left

rFire  . . .     SeeInvis .     a - +1 hand axe
rCold  . . .     Gourm    +     h - +0 plate armour
rNeg   . . .     Faith    .     (no shield)
rPois  .         Spirit   .     (helmet restricted)
rElec  .         Dismiss  .     y - +0 cloak
rCorr  .         Reflect  .     (no gloves)
SustAt .         Harm     .     (no boots)
MR     .....                    s - amulet of the gourmand
Stlth  ..........               (no ring)
                                u - +6 ring of evasion (curse)

@: not resistant to hostile enchantments, extremely unstealthy
A: retaliatory headbutt, horns 2
a: Berserk, Trog's Hand, Burn Spellbooks, Renounce Religion


You were on level 5 of the Dungeon.
You worshipped Trog.
Trog was most pleased with you.
You were completely stuffed.

You visited 1 branch of the dungeon, and saw 5 of its levels.
You also visited: Ossuary.

You collected 157 gold pieces.

Inventory:

Hand Weapons
 a - a +1 hand axe (weapon)
Missiles
 q - 2 tomahawks (quivered)
Armour
 h - a +0 plate armour (worn)
 y - a +0 cloak (worn)
Jewellery
 s - an amulet of the gourmand (around neck)
 u - a cursed +6 ring of evasion (left hand)
Wands
 e - a wand of slowing (28/48)
 x - a wand of lightning (0/15)
Scrolls
 n - 2 scrolls of recharging
 o - 2 scrolls of enchant weapon
 w - a scroll of enchant armour
 B - a scroll of magic mapping
Potions
 b - 3 potions of haste
 d - 3 potions of cure mutation
 f - 3 potions of curing
 j - a potion of heal wounds
 l - a potion of resistance
 p - a potion of mutation {unknown}
 r - a potion of flight {unknown}
 t - a potion of brilliance {unknown}
 v - 3 potions of degeneration
 A - a potion of berserk rage {unknown}
 D - a potion of lignification {unknown}
 E - a potion of cancellation {unknown}
 F - a potion of invisibility {unknown}
Comestibles
 c - 7 bread rations
 i - a slice of pizza
 k - 2 meat rations
 m - 2 beef jerkies
 z - 2 fruits
 I - 2 chunks of flesh


   Skills:
 + Level 6.5 Fighting
 + Level 10.7 Axes
 * Level 7.0 Armour
 - Level 2.1 Dodging


You had 7 spell levels left.
You didn't know any spells.

Dungeon Overview and Level Annotations

Branches:
Dungeon (5/15)
 Temple: D:4-7

Altars:
Ashenzari

Annotations:
D:5 Menkaure, Pikel


Innate Abilities, Weirdness & Mutations

You reflexively headbutt those who attack you in melee.
You have a pair of horns on your head.


Message History

Found a stone staircase leading down.
Found a runed dagger.
Things that are here:
a quarterstaff; a robe; an orc skeleton
Things that are here:
a +1 ring mail; a club Menkaure, Prince of Dust comes into view.
Menkaure shouts!
Menkaure calls on the powers of darkness!
Your body is wracked with pain!
Found a black potion.
A slave comes into view. 2 slaves and Pikel come into view.
The slave shouts! x3
You see here 17 gold pieces.
You now have 157 gold pieces (gained 17).
Pikel zaps a wand.
The bolt of lightning hits you!
* * * LOW HITPOINT WARNING * * *
The bolt of lightning hits you!
You die...

...#
..............####...
..##.. ............#
#... ... #..
...>.......)######... #.
#.. .#.....##........<..
# ..... #....######## ..
... ......#.## ### #M.#
.####.#..# #.. .p#...###
##.##.#####..
.pK....@####..##.##.....
.p#####..##.........####
##.....####.####
........### #..#
######...## ##[##
#......# #))##
.......######..####
#####...............
##..#######.##..


You could see Pikel, 3 slaves and Menkaure.

Vanquished Creatures
  A black bear (D:4)
  A phantom (D:4)
  2 ogres (D:4)
  2 centaurs
  11 bog bodies (Ossuary)
  A crimson imp (D:5)
  A giant frog zombie (Ossuary)
  3 centaur zombies
  2 orc priests
  3 orc wizards
  A giant frog skeleton (D:4)
  An iguana (D:4)
  3 worker ants (D:4)
  A killer bee zombie (Ossuary)
  8 mummies
  2 worker ant zombies (Ossuary)
  A howler monkey zombie (Ossuary)
  7 adders
  An ooze (D:4)
  5 worms
  4 dart slugs
  3 giant geckos
  13 orcs
  A bat (D:1)
  6 giant cockroaches
  8 goblins
  11 hobgoblins
  5 jackals
  2 quokkas
  A ball python (D:2)
  A giant gecko zombie (Ossuary)
  4 giant newts
  A jackal skeleton (D:4)
  6 kobolds
  A quokka skeleton (D:4)
  A quokka zombie (Ossuary)
  7 rats
  A withered plant (Ossuary)
133 creatures vanquished.

Vanquished Creatures (others)
  A wasp (D:5)
  3 withered plants (Ossuary)
4 creatures vanquished.

Grand Total: 137 creatures vanquished

Notes
Turn   | Place    | Note
--------------------------------------------------------------
     0 | D:1      | Svalin the Minotaur Berserker began the quest for the Orb.
     0 | D:1      | Reached XP level 1. HP: 19/19 MP: 0/0
   289 | D:1      | Reached skill level 4 in Axes
   546 | D:1      | Reached XP level 2. HP: 17/26 MP: 1/1
  1134 | D:1      | Reached skill level 5 in Axes
  1500 | D:2      | Reached ** piety under Trog
  1500 | D:2      | Reached XP level 3. HP: 31/31 MP: 2/2
  2334 | D:2      | Reached XP level 4. HP: 28/39 MP: 3/3
  2597 | D:2      | Reached skill level 6 in Axes
  3159 | D:3      | Noticed a centaur
  3176 | D:3      | Killed a centaur
  3176 | D:3      | Reached skill level 7 in Axes
  3176 | D:3      | Reached XP level 5. HP: 23/45 MP: 4/4
  3615 | D:3      | Found a shattered altar of Ashenzari.
  4132 | D:4      | Reached skill level 8 in Axes
  4201 | D:4      | Reached XP level 6. HP: 51/51 MP: 5/5
  4342 | D:4      | Reached *** piety under Trog
  4543 | D:4      | Reached skill level 9 in Axes
  4570 | D:4      | Reached XP level 7. HP: 35/57 MP: 6/6
  5201 | D:4      | Reached skill level 10 in Axes
  5567 | D:5      | Entered Level 5 of the Dungeon
  5599 | D:5      | Found a sand-covered staircase.
  5650 | Ossuary  | Entered an ossuary
  5670 | Ossuary  | Reached skill level 5 in Fighting
  5719 | Ossuary  | Reached XP level 8. HP: 66/68 MP: 7/7
  5757 | Ossuary  | Reached skill level 5 in Armour
  6082 | Ossuary  | HP: 3/70 [decayed bog body (5)]
  7258 | D:5      | Noticed Menkaure
  7259 | D:5      | Noticed Pikel
  7260 | D:5      | Killed from afar by Pikel

Skill      XL: |  1  2  3  4  5  6  7  8 |
---------------+-------------------------+-----
Axes           | 4 5 7 8 9 10 | 10.7
Fighting       | 5 6 |  6.5
Armour         | 4 7 |  7.0
Dodging        | |  2.1

Action                   |  1- 3 |  4- 6 |  7- 9 || total
-------------------------+-------+-------+-------++-------
Melee: Hand axe          |   102 |   106 |   211 ||   419
       Headbutt          |    17 |    22 |    43 ||    82
Throw: Tomahawk          |     8 |    22 |     8 ||    38
Invok: Berserk           |       |     2 |     6 ||     8
       Trog's Hand       |       |     1 |     4 ||     5
Evoke: Wand              |       |       |     7 ||     7
  Use: Scroll            |     3 |       |    16 ||    19
       Potion            |       |       |     1 ||     1
  Eat: Chunk             |     4 |    20 |    16 ||    40
Armor: Animal skin       |     4 |       |       ||     4
       Ring mail         |    22 |    51 |     9 ||    82
       Plate armour      |       |       |    71 ||    71
Dodge: Dodged            |    50 |    54 |    68 ||   172
